Map: Ulrena

Players

SticklerMac - Winner!

  • Race: Zerg Zerg

Haruka

  • Race: Zerg Zerg
  • League: Silver

VOD

Have the link to the VOD?

Description

Time

  • Played on: Nov. 10, 2015, 12:58 a.m.
  • Length: 3:49
Show
View Real Time Build Order
Export as new Build Order

SticklerMac Zerg - Winner!

Build Orders: Hatch First 

Get SALT Encoding   

  12  0:00  Drone  
  13  0:08  Drone  
  14  0:17  Overlord  
  14  0:36  Drone x3  
  17  0:54  Hatchery  
  17  0:56  Drone  
  17  1:00  Extractor  
  17  1:03  Drone  
  17  1:11  Drone  
  18  1:20  Drone  
  19  1:28  Spawning Pool  
  19  1:31  Drone  
  19  1:42  Overlord  
  15  2:10  Drone x3  
  18  2:17  Metabolic Boost  
  18  2:19  Queen  
  20  2:24  Zergling x2  
  20  2:27  Zergling x2  
  21  2:34  Zergling x2  
  22  2:37  Zergling x2  
  22  2:39  Zergling x2  
  22  2:42  Zergling x2  
  25  2:49  Zergling x2  
  20  3:11  Zergling x4  
  22  3:15  Zergling x2  
  23  3:20  Zergling x2  
  24  3:28  Zergling x2  
Show
View Real Time Build Order
Export as new Build Order

Haruka Zerg 

Build Orders: Pool Only 

Get SALT Encoding   

  12  0:18  Spawning Pool  
  11  0:26  Overlord  
  11  1:05  Zergling x6  
  11  1:06  Queen  
  16  1:16  Zergling x2  
  17  1:27  Zergling x2  
  18  1:38  Zergling x2  
  19  1:48  Zergling x2  
  17  2:13  Zergling x2  
  17  2:14  Zergling x2  
  19  2:19  Zergling x2  
  19  2:20  Zergling x4  
  22  2:32  Overlord  
  20  2:56  Zergling x8  
  22  3:10  Zergling x2  
  22  3:11  Zergling x2  
  24  3:21  Zergling x2  
Tags
 
Add a new tag
Caveats
  • Supply blocks, unpowered buildings, or Contaminate may cause inaccurate times.
  • Supply counts are checked every 10 seconds.